 Dungeon Crawl Stone Soup version 0.29.0-13-gc9e81de378 (webtiles) character file.

Game seed: 17198009726111530907

289 themarg the Chopper (level 6, -1/56 HPs)
             Began as a Minotaur Berserker on Sept 7, 2022.
             Was a Believer of Trog.
             Slain by Duvessa
             ... wielding a +0 short sword
              (12 damage)
             ... on level 4 of the Dungeon.
             The game lasted 00:04:35 (2981 turns).

themarg the Chopper (Minotaur Berserker)            Turns: 2981, Time: 00:04:36

Health: -1/56      AC:  5    Str: 24    XL:     6   Next: 9%
Magic:  5/5        EV: 16    Int:  4    God:    Trog [**....]
Gold:   141        SH:  0    Dex:  9    Spells: 5/5 levels left

rFire   . . .      SeeInvis .   a - +0 hand axe
rCold   . . .      Faith    .   (no shield)
rNeg    . . .      Spirit   .   f - +0 leather armour
rPois   .          Reflect  .   (helmet restricted)
rElec   .          Harm     .   (no cloak)
rCorr   .          Rampage  .   (no gloves)
Will    .....                   k - +1 pair of boots
Stlth   +.........              (no amulet)
HPRegen 0.18/turn               p - +4 ring of evasion
MPRegen 0.09/turn               (no ring)

@: on berserk cooldown, slowed, very slow
A: horns 2, retaliatory headbutt
a: Renounce Religion, Berserk, Trog's Hand


You were on level 4 of the Dungeon.
You worshipped Trog.
Trog was pleased with you.
You visited 1 branch of the dungeon, and saw 4 of its levels.

You collected 141 gold pieces.

Inventory:

Hand Weapons
 a - a +0 hand axe (weapon)
Armour
 f - a +0 leather armour (worn)
 k - a +1 pair of boots (worn)
Jewellery
 p - a +4 ring of evasion (left hand)
Wands
 r - a wand of polymorph (10)
Scrolls
 b - 3 scrolls of enchant armour {unknown}
 e - 2 scrolls of teleportation {unknown}
 g - a scroll of poison {unknown}
 j - 3 scrolls of identify {unknown}
 l - a scroll of fear {unknown}
 m - 3 scrolls of fog {unknown}
 n - a scroll of magic mapping {unknown}
 q - a scroll of brand weapon {unknown}
Potions
 c - a potion of flight {unknown}
 d - 3 potions of mutation {unknown}
 h - a potion of heal wounds {unknown}
 i - a potion of lignification {unknown}
 o - a potion of invisibility {unknown}


   Skills:
 + Level 5.1 Fighting
 + Level 5.2 Axes
 + Level 4.3 Armour
 + Level 3.9 Dodging


You had 5 spell levels left.
You didn't know any spells.
Your spell library was empty.

Dungeon Overview and Level Annotations

Branches:
Dungeon (4/15)
 Temple: D:4-7

Altars:

Annotations:
D:4 Duvessa


Innate Abilities, Weirdness & Mutations

You have a pair of horns on your head.
You reflexively headbutt those who attack you in melee.


Message History

The kobold throws a stone.
The stone barely misses you.
A red film seems to cover your vision as you go berserk!
You feel yourself moving faster!
You feel mighty!
The kobold throws a stone.
The stone barely misses you.
You feel a strong urge to attack something.
The kobold throws a stone.
The stone hits you.
You barely miss Dowan. You hit Duvessa. Dowan misses you.
Duvessa hits you with a +0 short sword!
You completely miss Dowan. You slash Duvessa!
Dowan hits you but does no damage. Duvessa hits you with a +0 short sword!
You hit Dowan.
Dowan is lightly wounded.
You barely miss Duvessa. Dowan hits you with a +0 dagger.
Duvessa hits you with a +0 short sword.
You slash Dowan!
Dowan is heavily wounded.
You hit Duvessa. You slash Dowan!
You kill Dowan!
Trog accepts your kill.
Trog appreciates your killing of a magic user.
Duvessa screams, "No!
How DARE you!"
Duvessa goes berserk!
You slash Duvessa! Duvessa misses you.
You have reached level 6!
You slash Duvessa!
Duvessa is severely wounded.
Duvessa hits you with a +0 short sword. Duvessa hits you with a +0 short sword!
You slash the kobold!
You kill the kobold!
Trog accepts your kill.
You barely miss Duvessa.
You are no longer berserk.
You are exhausted.
You feel yourself slow down. Duvessa hits you with a +0 short sword.
You barely miss Duvessa.
Duvessa is severely wounded.
Duvessa hits you with a +0 short sword!!
* * * LOW HITPOINT WARNING * * *
Duvessa hits you with a +0 short sword!
You die...

# #####..##
##....
#.#####.....##
#..
#.......##### #
####...## #
##..#..## ##..
.... ##..# ...
......###.###.#
### #...#.e...#
#..)@)..##
#.##.##.# ..
#.# ..# . #.#
#.K. #.# ##..
#.. .... ##.
##. #


You could see Duvessa (berserk).

Vanquished Creatures
  A centaur (D:3)
  Dowan (D:4)
  4 gnolls (D:3)
  5 adders
  An orc (D:3)
  3 endoplasms
  2 giant cockroaches (D:2)
  13 hobgoblins
  4 jackals (D:4)
  10 kobolds
  6 quokkas
  A ball python (D:2)
  11 bats
  2 frilled lizards (D:2)
  7 goblins
  2 rats
73 creatures vanquished.

Vanquished Creatures (others)
  A plant (D:2)
1 creature vanquished.

Grand Total: 74 creatures vanquished

Notes
Turn   | Place    | Note
-------+----------+-------------------------------------------
     0 | D:1      | themarg the Minotaur Berserker began the quest for the Orb.
     0 | D:1      | Reached XP level 1. HP: 19/19 MP: 0/0
   364 | D:1      | Reached XP level 2. HP: 27/27 MP: 1/1
   939 | D:2      | Reached XP level 3. HP: 33/33 MP: 2/2
  1105 | D:2      | Reached ** piety under Trog
  1370 | D:2      | Found a faded altar of an unknown god.
  1662 | D:2      | Reached XP level 4. HP: 40/40 MP: 3/3
  1803 | D:3      | Noticed a centaur
  1813 | D:3      | Killed a centaur
  1814 | D:3      | Reached XP level 5. HP: 24/47 MP: 4/4
  2223 | D:3      | Reached skill level 5 in Axes
  2788 | D:3      | Reached skill level 5 in Fighting
  2969 | D:4      | Noticed Duvessa
  2969 | D:4      | Noticed Dowan
  2978 | D:4      | Killed Dowan
  2979 | D:4      | Reached XP level 6. HP: 55/56 MP: 5/5
  2981 | D:4      | Slain by Duvessa

Illustrated notes

Levels and vault maps discovered:
D:1:      dpeg_arrival_tiny_k, layout_basic
D:2:      kb_forest_paths, layout_loops_cross, basic_ecumenical_altar,
          chequers_hall_statues_corner_a, corexii_shack, roderic_roman_lattice
D:3:      layout_basic
D:4:      layout_rooms, kennysheep_generic_room_2, uniq_duvessa, uniq_sigmund

Skill      XL: |  1  2  3  4  5 |
---------------+----------------+-----
Axes           | 4 5 |  5.2
Fighting       | 4 5 |  5.1
Armour         | 3 4 |  4.3
Dodging        | 3 |  3.9

Action                   |  1- 3 |  4- 6 || total
-------------------------+-------+-------++-------
Melee: Hand axe          |    77 |    65 ||   142
       Headbutt          |    13 |     5 ||    18
Invok: Berserk           |       |     3 ||     3
Armor: Leather armour    |    22 |    16 ||    38
Dodge: Dodged            |    57 |    62 ||   119
